 Dungeon Crawl Stone Soup version 0.22.1-1-ga44c0e56f4 (webtiles) character file.

1407 Gargoyl the Skirmisher (level 8, 0/68 HPs)
             Began as a Centaur Abyssal Knight on Nov 1, 2018.
             Was a Priest of Lugonu.
             Slain by an ice beast (5 damage)
             ... on level 5 of the Dungeon.
             The game lasted 00:07:34 (5588 turns).

Gargoyl the Skirmisher (Centaur Abyssal Knight)     Turns: 5588, Time: 00:07:34

Health: 0/68       AC:  7    Str: 15    XL:     8   Next: 42%
Magic:  11/11      EV:  9    Int: 11    God:    Lugonu [***...]
Gold:   134        SH:  0    Dex: 11    Spells: 7/7 levels left

rFire    . . .     SeeInvis .   a - +1 hand axe
rCold    . . .     Gourm    .   (no shield)
rNeg     . . .     Faith    .   o - +0 ring mail
rPois    .         Spirit   .   j - +0 helmet
rElec    .         Reflect  .   (no cloak)
rCorr    .         Harm     .   (no gloves)
MR       .....                  (no barding)
Stlth    +.........             (no amulet)
HPRegen  0.21/turn              f - ring of stealth
MPRegen  0.12/turn              (no ring)

@: very quick
A: large, hooves 3, deformed body, speed 2, tough skin 3
a: Depart the Abyss, Bend Space, Banish, Renounce Religion


You were on level 5 of the Dungeon.
You worshipped Lugonu.
Lugonu was most pleased with you.
You were not hungry.

You visited 1 branch of the dungeon, and saw 5 of its levels.
You visited the Abyss 1 time.

You collected 134 gold pieces.

Inventory:

Hand Weapons
 a - a +1 hand axe (weapon)
 p - a +1 whip of venom
Armour
 j - a +0 helmet (worn)
 o - a +0 ring mail (worn)
Jewellery
 f - a ring of stealth (left hand)
Wands
 m - a wand of iceblast (3)
 s - a wand of random effects (17)
Scrolls
 e - 4 scrolls of remove curse
 h - 5 scrolls of teleportation
 n - 2 scrolls of fear
 r - a scroll of identify
Potions
 b - a potion of ambrosia {unknown}
 d - a potion of brilliance {unknown}
 g - a potion of flight {unknown}
 i - 2 potions of curing
 k - a potion of lignification
 l - 2 potions of agility
Comestibles
 c - 6 rations


   Skills:
 + Level 5.3 Fighting
 + Level 4.7(4.8) Axes
 + Level 0.7(3.0) Maces & Flails
 * Level 4.7 Armour
 + Level 2.1 Dodging
 * Level 4.8 Invocations
 + Level 0.1 Evocations


You had 7 spell levels left.
You didn't know any spells.
Your spell library contained the following spells:

 Spells                   Type           Power        Failure   Level  Hunger
 Beastly Appendage        Tmut           #.....       54%         1    ##.....
 Sticks to Snakes         Tmut           #.......     69%         2    ###....
 Spider Form              Tmut/Pois      #.........   89%         3    ####...
 Ice Form                 Ice/Tmut       #.......     100%        4    #####..
 Blade Hands              Tmut           #.........   100%        5    ######.


Dungeon Overview and Level Annotations

Branches:
Dungeon (5/15)             Temple (0/1) D:4

Altars:
Xom
Zin


Innate Abilities, Weirdness & Mutations

You have hooves in place of feet.
Armour fits poorly on your strangely shaped body.
You cover ground very quickly.
You have extremely tough skin. (AC +3)


Message History

You hit the ice beast but do no damage.
The ice beast is moderately wounded.
The ice beast hits you. The ice beast freezes you!
You hit the ice beast. Your kick misses the ice beast.
The ice beast is moderately wounded.
The ice beast hits you but does no damage.
The ice beast hits you. The ice beast freezes you.
* * * LOW HITPOINT WARNING * * *
You closely miss the ice beast. Your kick misses the ice beast.
The ice beast is moderately wounded.
The ice beast hits you.
* * * LOW HITPOINT WARNING * * *
The ice beast freezes you!
* * * LOW HITPOINT WARNING * * *
You slash the ice beast!
The ice beast is heavily wounded.
The ice beast hits you.
* * * LOW HITPOINT WARNING * * *
The ice beast freezes you.
You die...

### #. .# #.#.######
###############.........
..........[.........!h.h
#.............##........
#.######..$. #.#..####
#.#... . #.##.# #.#.##
#.# ..# .....# . #@# .#
..#..# ... #Y# # ..#..#
.....##?# ..#..#
........# ..#..#
........# #.#..#
.###....# #.#..# #....#
.....# #....# $..#
#....#


You could see an ice beast.

Vanquished Creatures
  Pikel (D:4)
  Grinder (D:3)
  Menkaure (D:4)
  An ice beast (D:5)
  A phantom (D:4)
  An ogre (D:5)
  An eye of draining (Abyss:1)
  A howler monkey (D:4)
  A hound (D:4)
  A bullfrog skeleton (D:4)
  A worker ant (D:5)
  Robin (D:4)
  7 adders
  An ooze (D:3)
  3 worms
  4 dart slugs
  4 leopard geckos
  6 orcs (D:3)
  2 giant cockroaches
  10 goblins
  9 hobgoblins
  5 jackals
  2 quokkas (D:2)
  13 bats
  7 frilled lizards
  3 kobolds
  11 rats
99 creatures vanquished.

Vanquished Creatures (others)
  2 slaves (D:4)
  A phantom (D:4)
  2 ogres (D:4)
  A giant cockroach (D:4)
  3 goblins (D:4)
  A hobgoblin (D:4)
10 creatures vanquished.

Grand Total: 109 creatures vanquished

Notes
Turn   | Place    | Note
-------+----------+-------------------------------------------
     0 | Abyss:1  | Gargoyl the Centaur Abyssal Knight began the quest for the
                  | Orb.
     0 | Abyss:1  | Reached XP level 1. HP: 19/19 MP: 2/2
    57 | Abyss:1  | Noticed an apocalypse crab
    67 | Abyss:1  | Noticed a blink frog
    74 | Abyss:1  | Noticed an eye of draining
    96 | Abyss:1  | Killed an eye of draining
    96 | Abyss:1  | Reached skill level 4 in Fighting
    96 | Abyss:1  | Reached XP level 2. HP: 28/28 MP: 0/3
    96 | Abyss:1  | Reached XP level 3. HP: 34/34 MP: 0/4
    96 | Abyss:1  | Reached XP level 4. HP: 41/41 MP: 0/5
   108 | Abyss:1  | Paralysed by you for 7 turns
   110 | Abyss:1  | Noticed a raiju
   119 | Abyss:1  | Noticed a large abomination
   120 | D:1      | Escaped the Abyss
   310 | D:1      | Reached * piety under Lugonu
  1348 | D:2      | Reached XP level 5. HP: 8/47 MP: 7/7
  1689 | D:2      | Reached ** piety under Lugonu
  2068 | D:2      | Found a shimmering altar of Xom.
  2069 | D:2      | Found a shimmering altar of Xom.
  2069 | D:2      | Found a shimmering altar of Xom.
  2070 | D:2      | Found a shimmering altar of Xom.
  2070 | D:2      | Found a shimmering altar of Xom.
  2143 | D:2      | Found a glowing silver altar of Zin.
  2351 | D:3      | Reached skill level 1 in Dodging
  3008 | D:3      | Noticed Grinder
  3062 | D:3      | Paralysed by Grinder for 6 turns
  3399 | D:4      | Noticed Pikel
  3401 | D:4      | Noticed a slave
  3403 | D:4      | Noticed a slave
  3403 | D:4      | Noticed a slave
  3406 | D:4      | Noticed a slave
  3411 | D:4      | Killed Pikel
  3411 | D:4      | Reached XP level 6. HP: 49/55 MP: 8/8
  3411 | D:4      | Reached XP level 7. HP: 54/60 MP: 9/9
  3728 | D:4      | Noticed Robin
  3745 | D:4      | Killed Robin
  3745 | D:4      | Reached skill level 5 in Fighting
  3845 | D:4      | Noticed Menkaure
  3859 | D:4      | Killed Menkaure
  4278 | D:4      | Found a staircase to the Ecumenical Temple.
  4537 | D:5      | Entered Level 5 of the Dungeon
  4595 | D:5      | Reached XP level 8. HP: 43/68 MP: 11/11
  5222 | D:3      | Reached *** piety under Lugonu
  5448 | D:3      | Killed Grinder
  5588 | D:5      | Slain by an ice beast

Skill      XL: |  1  2  3  4  5  6  7  8 |
---------------+-------------------------+-----
Fighting       | 4 5 |  5.3
Axes           | 2 3 4 |  4.7
Armour         | 2 3 4 |  4.7
Dodging        | 1 2 |  2.1
Invocations    | 3 4 |  4.8
Maces & Flails | |  0.7
Evocations     | |  0.1

Action                   |  1- 3 |  4- 6 |  7- 9 || total
-------------------------+-------+-------+-------++-------
Melee: Hand axe          |    12 |   173 |   136 ||   321
       Kick              |     5 |    29 |    39 ||    73
       Whip              |       |       |    17 ||    17
Invok: Depart the Abyss  |       |     1 |       ||     1
Evoke: Wand              |       |       |     3 ||     3
  Use: Potion            |     1 |     3 |     3 ||     7
       Scroll            |       |    10 |     1 ||    11
  Eat: Chunk             |       |     4 |     5 ||     9
       Ration            |       |     1 |       ||     1
Armor: Leather armour    |       |    54 |       ||    54
       Ring mail         |       |    45 |    50 ||    95
       Skin              |       |       |     4 ||     4
Dodge: Dodged            |       |    87 |    64 ||   151
